[Event "Titled Tuesday Blitz May 11 2021"]
[White "Walentukiewicz, Michal"]
[Black "Pakleza, Zbigniew"]
[WhiteFideId "1126903"]
[BlackFideId "1119290"]
[WhiteElo "1974"]
[BlackElo "2526"]
[Result "0-1"]
[Round "01"]
[TimeControl "180+1"]
[Date "2021.05.11"]
[WhiteClock "0:01:23"]
[BlackClock "0:00:52"]

1. g3 d5 2. Bg2 Nf6 3. c4 c6 4. cxd5 cxd5 5. Nf3 Nc6 6. O-O Bf5 7. d3 e6 8. Nc3 Be7 9. Qa4 O-O 10. e4 Bg6 11. Nh4 d4 12. Nxg6 hxg6 13. Ne2 e5 14. Bg5 Nd7 15. Bxe7 Qxe7 16. Rac1 Rac8 17. Bh3 Rc7 18. Bxd7 Qxd7 19. Rc5 Rfc8 20. Rfc1 Qg4 21. Qd1 b6 22. R5c2 Qd7 23. Kg2 Nb4 24. Rxc7 Rxc7 25. a3 Rxc1 26. Nxc1 Na6 27. Qc2 Nc5 28. b4 Ne6 29. Nb3 Qc7 30. Qxc7 Nxc7 31. a4 Kf8 32. f4 f6 33. Kf3 Ke7 34. fxe5 fxe5 35. Kg4 Kf6 36. Nd2 Na6 37. b5 Nc5 38. a5 bxa5 39. Nc4 a4 0-1


[Site "https://www.chess.com"]

[Event "Titled Tuesday Blitz May 11 2021"]
[White "Yilmaz, Mustafa"]
[Black "Tarasova, Viktoriya"]
[WhiteFideId "6302718"]
[BlackFideId "4175840"]
[WhiteElo "2518"]
[BlackElo "2182"]
[Result "1-0"]
[Round "01"]
[TimeControl "180+1"]
[Date "2021.05.11"]
[WhiteClock "0:01:21"]
[BlackClock "0:01:07"]

1. d4 Nf6 2. c4 e6 3. Nc3 Bb4 4. Qc2 d5 5. a3 Bxc3+ 6. Qxc3 O-O 7. Bg5 b6 8. cxd5 exd5 9. e3 Bb7 10. Bxf6 gxf6 11. Bd3 Nd7 12. Ne2 c5 13. O-O Rc8 14. Bf5 Qe7 15. Rfd1 Rc7 16. Nf4 Rfc8 17. dxc5 Rxc5 18. Qd4 Rd8 19. b4 Rc4 20. Nxd5 Bxd5 21. Qxd5 Rc7 22. h3 Kg7 23. Rd4 Qe5 24. Rad1 Qxd5 25. Rxd5 Rc3 26. R1d3 Rxd3 27. Rxd3 1-0


[Site "https://www.chess.com"]

[Event "Titled Tuesday Blitz May 11 2021"]
[White "Yirik, Volkan"]
[Black "Demchenko, Anton"]
[WhiteFideId "6300782"]
[BlackFideId "4160258"]
[WhiteElo "2457"]
[BlackElo "2593"]
[Result "0-1"]
[Round "01"]
[TimeControl "180+1"]
[Date "2021.05.11"]
[WhiteClock "0:00:32"]
[BlackClock "0:00:09"]

1. e4 e5 2. Nf3 Nc6 3. Nc3 Nf6 4. d4 exd4 5. Nxd4 Bb4 6. Nxc6 bxc6 7. Bd3 O-O 8. O-O Re8 9. Bg5 h6 10. Bh4 g5 11. Bg3 Bxc3 12. bxc3 Nxe4 13. Qh5 d6 14. f4 Bf5 15. Qxh6 Re6 16. Qh5 Bg6 17. Qd1 f5 18. Bxe4 Rxe4 19. fxg5 Qxg5 20. Qf3 Qe3+ 21. Qxe3 Rxe3 22. Rf2 Rxc3 23. Re1 Rf8 24. Bh4 Ra3 25. Re6 Kg7 26. Rf3 Rxf3 27. gxf3 f4 28. c3 Rb8 29. Re7+ Kh6 30. Rxc7 Rb1+ 31. Kf2 Rb2+ 32. Kg1 Rxa2 33. Rxc6 a5 34. Rxd6 a4 35. Ra6 Kh7 36. Bf6 Bh5 37. Bg5 Bxf3 38. Bxf4 Be2 39. Ra7+ Kg6 40. Bd6 Bd1 41. Re7 Rd2 42. Bb4 Bb3 43. h4 Ra2 44. Re5 a3 45. Ra5 Ra1+ 46. Kf2 a2 47. Kg2 Rb1 48. h5+ Kf7 49. h6 a1=Q 50. Rxa1 Rxa1 51. c4 Kg6 52. c5 Kxh6 53. c6 Bd5+ 54. Kg3 Bxc6 55. Kf4 Ra4 56. Ke5 Rxb4 57. Kd6 Bf3 58. Kc5 Re4 59. Kd5 Kg5 60. Kd6 Kf5 61. Kd5 Rf4+ 62. Kc5 Bg4 63. Kd5 Re4 64. Kd6 Re5 65. Kc6 Ke4 66. Kd6 Kd4 67. Kc6 Rd5 68. Kc7 Bh5 69. Kc6 Bd1 70. Kc7 Be2 71. Kc6 Bg4 72. Kb6 Rc5 73. Kb7 Kd5 74. Kb6 Kd6 75. Ka6 Kc7 76. Ka7 Bh5 77. Ka6 Bg6 78. Ka7 Bf7 79. Ka6 Be8 80. Ka7 Rg5 81. Ka6 Rh5 82. Ka7 Ra5# 0-1


[Site "https://www.chess.com"]

[Event "Titled Tuesday Blitz May 11 2021"]
[White "Zhigalko, Sergei"]
[Black "Zhou, Yang-Fan"]
[WhiteFideId "13502956"]
[BlackFideId "468584"]
[WhiteElo "2662"]
[BlackElo "2456"]
[Result "1-0"]
[Round "01"]
[TimeControl "180+1"]
[Date "2021.05.11"]
[WhiteClock "0:00:07"]
[BlackClock "0:00:01"]

1. e4 c5 2. Nf3 d6 3. d4 Nf6 4. Nc3 cxd4 5. Qxd4 a6 6. Bc4 Nc6 7. Qd3 e6 8. Bf4 h6 9. O-O-O e5 10. Bg3 Be7 11. Bh4 Be6 12. Bxf6 gxf6 13. Bb3 Rc8 14. Kb1 Rg8 15. g3 Qa5 16. Nd5 Bd8 17. Qe3 h5 18. Qh6 Rg6 19. Qxh5 Bg4 20. Qh8+ Kd7 21. Qh7 Bxf3 22. Qxf7+ Ne7 23. Nxe7 Bxe7 24. Qxg6 Bxh1 25. Rxh1 Kc7 26. Qf7 Kd8 27. h4 Qc5 28. h5 Qxf2 29. h6 Qf3 30. Rc1 Qxg3 31. h7 Qh4 32. Be6 Rb8 33. Qg7 Qh2 34. h8=Q+ Kc7 1-0


[Site "https://www.chess.com"]

[Event "Titled Tuesday Blitz May 11 2021"]
[White "Zia, Tahsin Tajwar"]
[Black "Bluebaum, Matthias"]
[WhiteFideId "10211888"]
[BlackFideId "24651516"]
[WhiteElo "1800"]
[BlackElo "2685"]
[Result "0-1"]
[Round "01"]
[TimeControl "180+1"]
[Date "2021.05.11"]
[WhiteClock "0:00:04"]
[BlackClock "0:00:17"]

1. d4 Nf6 2. Bf4 d5 3. e3 c5 4. Nf3 Nc6 5. Nbd2 cxd4 6. exd4 Qb6 7. Nb3 Bf5 8. Bd3 Bxd3 9. Qxd3 e6 10. c3 a5 11. O-O a4 12. Nbd2 Be7 13. Ne5 O-O 14. Rab1 Rfc8 15. Rfe1 Qa6 16. Qg3 Nh5 17. Qf3 Nxf4 18. Qxf4 Nxe5 19. Qxe5 a3 20. Re3 Bd6 21. Qg5 axb2 22. Rxb2 Qa3 23. Rxb7 Rxc3 24. Qh5 Bc7 25. Nf1 Rxe3 26. fxe3 Qd6 27. Qe2 g6 28. Qc2 Bd8 29. Qb3 Bg5 30. g3 Ra3 31. Qb4 Qxb4 32. Rxb4 Bxe3+ 33. Nxe3 Rxe3 34. Kf2 Ra3 35. Rb2 Kg7 36. Ke2 Kf6 37. Kd2 Kf5 38. Kc2 Ke4 39. Kb1 Kxd4 40. Rb7 Rf3 41. a4 e5 42. Kb2 e4 43. a5 Rf6 44. Rb6 Rf2+ 45. Kb3 e3 46. Rb8 e2 47. Re8 Rf3+ 48. Kb4 Re3 49. Rxe3 Kxe3 50. a6 e1=Q+ 51. Kb5 Qf1+ 0-1


[Site "https://www.chess.com"]

[Event "Titled Tuesday Blitz May 11 2021"]
[White "Zubov, Alexander"]
[Black "Degenbaev, Aziz"]
[WhiteFideId "14109409"]
[BlackFideId "13802640"]
[WhiteElo "2740"]
[BlackElo "1932"]
[Result "1-0"]
[Round "01"]
[TimeControl "180+1"]
[Date "2021.05.11"]
[WhiteClock "0:00:09"]
[BlackClock "0:00:17"]

1. d4 f5 2. Nc3 Nf6 3. Bg5 d5 4. e3 e6 5. Nf3 Bd6 6. Bd3 O-O 7. O-O c6 8. Ne2 h6 9. Bf4 Be7 10. Ne5 g5 11. Bg3 Qe8 12. f3 Nbd7 13. c4 Nxe5 14. dxe5 Nd7 15. f4 g4 16. Nd4 Nc5 17. Rc1 b6 18. cxd5 cxd5 19. Be2 Bd7 20. a3 Rc8 21. b4 Ne4 22. Ba6 Rc3 23. Rxc3 Nxc3 24. Qd3 Ne4 25. Rc1 h5 26. Rc7 h4 27. Be1 h3 28. g3 Kf7 29. Rxa7 Ba4 30. Bb5 Bxb5 31. Qxb5 Qc8 32. Qc6 Qb8 33. Qd7 Re8 34. Nc6 Qc8 35. Qxc8 Rxc8 36. b5 Kf8 37. Kf1 Bc5 38. Ke2 Ke8 39. a4 Bf8 40. a5 bxa5 41. Bxa5 Nc5 42. Bb4 Nd7 43. Bxf8 Nxf8 44. Kd3 Nd7 45. Kd4 Nb6 46. Kc5 Nd7+ 47. Kd6 Nb6 48. Kxe6 d4 49. exd4 Nc4 50. Rh7 1-0


[Site "https://www.chess.com"]

[Event "Titled Tuesday Blitz May 11 2021"]
[White "dropstoneDP"]
[Black "Pein, Jonathan"]
[BlackFideId "417092"]
[WhiteElo "2885"]
[BlackElo "2167"]
[Result "1-0"]
[Round "01"]
[TimeControl "180+1"]
[Date "2021.05.11"]
[WhiteClock "0:02:35"]
[BlackClock "0:01:33"]

1. e4 d6 2. d4 Nf6 3. Nc3 Nc6 4. Be2 e5 5. Nf3 Bg4 6. d5 Ne7 7. Be3 Ng6 8. Nd2 Bd7 9. g3 Be7 10. h4 h5 11. Bg5 c6 12. Nc4 b5 13. Bxf6 gxf6 14. dxc6 Bxc6 15. Ne3 Qa5 16. O-O Rg8 17. Kh2 Rb8 18. Ncd5 Bd8 19. Nf5 Ne7 20. Nxf6+ Kf8 21. Nh7+ Ke8 22. Nxd6+ Kd7 23. Nc4+ 1-0


[Site "https://www.chess.com"]

[Event "Titled Tuesday Blitz May 11 2021"]
[White "gurelediz"]
[Black "Sliwicki, Damian"]
[BlackFideId "1127128"]
[WhiteElo "2740"]
[BlackElo "2149"]
[Result "1-0"]
[Round "01"]
[TimeControl "180+1"]
[Date "2021.05.11"]
[WhiteClock "0:00:18"]
[BlackClock "0:00:14"]

1. e4 c5 2. Nf3 g6 3. d4 cxd4 4. Qxd4 Nf6 5. e5 Nc6 6. Qa4 Nd5 7. Qb3 Nc7 8. Bf4 Bg7 9. Bc4 O-O 10. O-O Na5 11. Qa4 Nxc4 12. Qxc4 Ne6 13. Nc3 b5 14. Nxb5 Ba6 15. Bg3 Rc8 16. Qa4 Qb6 17. c4 Rxc4 18. Qxc4 Bxb5 19. Qc2 Bxf1 20. Rxf1 Qa6 21. a3 Rc8 22. Qd2 Qc6 23. h3 h6 24. Rd1 Rc7 25. Qb4 Qc2 26. Rd2 Qb1+ 27. Kh2 Rc1 28. Bf4 Rh1+ 29. Kg3 g5 30. Be3 Qf5 31. Rxd7 h5 32. Qxe7 h4+ 33. Nxh4 Bxe5+ 34. f4 gxh4+ 35. Qxh4 Nxf4 36. Rd8+ Kg7 37. Qh8+ Kg6 38. Rg8+ 1-0


[Site "https://www.chess.com"]

[Event "Titled Tuesday Blitz May 11 2021"]
[White "Abdrlauf, Elham"]
[Black "Gelman, Alexander"]
[WhiteFideId "1533533"]
[BlackFideId "4118316"]
[WhiteElo "2326"]
[BlackElo "2375"]
[Result "1-0"]
[Round "02"]
[TimeControl "180+1"]
[Date "2021.05.11"]
[WhiteClock "0:00:03"]
[BlackClock "0:00:05"]

1. e4 c5 2. Nf3 e6 3. c3 Nc6 4. d4 d5 5. e5 Bd7 6. Bd3 cxd4 7. cxd4 Qb6 8. Nbd2 Nxd4 9. Nxd4 Qxd4 10. Nf3 Bb4+ 11. Ke2 Qb6 12. a3 Be7 13. b4 Nh6 14. Be3 Qd8 15. h3 Nf5 16. Bf4 Rc8 17. g4 Nh4 18. Nd4 Ng6 19. Bg3 O-O 20. Re1 f6 21. exf6 Bxf6 22. Kf1 Bxd4 23. Ra2 Qf6 24. Kg2 Nf4+ 25. Kh2 Nxd3 26. Qxd3 Rc3 27. Qe2 Rf3 28. Kg2 e5 29. Rd2 e4 30. g5 Qb6 31. Red1 Bxf2 32. Bh2 Bxh3+ 33. Kh1 Be3 34. Rxd5 Bf4 35. Bg1 Qg6 36. Rd8 Qh5 37. Qc4+ Qf7 38. Rxf8+ Kxf8 39. Rd8+ Ke7 40. Bc5+ Kxd8 41. Qxf7 Rf1+ 42. Bg1 Bg4 43. Qg8+ Ke7 44. Qxg7+ Ke6 45. Qf6+ Kd5 46. Qd4+ Kc6 47. Qxe4+ Kb5 48. Qd3+ Ka4 49. Qxf1 Bxg5 50. Qg2 h5 51. Qxb7 Bf4 52. Bxa7 1-0


[Site "https://www.chess.com"]

[Event "Titled Tuesday Blitz May 11 2021"]
[White "AldokhinIvan"]
[Black "Yilmaz, Mustafa"]
[BlackFideId "6302718"]
[WhiteElo "2577"]
[BlackElo "2518"]
[Result "1-0"]
[Round "02"]
[TimeControl "180+1"]
[Date "2021.05.11"]
[WhiteClock "0:00:10"]
[BlackClock "0:00:12"]

1. e4 c5 2. Nf3 Nc6 3. d4 cxd4 4. Nxd4 Nf6 5. Nc3 e5 6. Nxc6 dxc6 7. Bd3 Bg4 8. f3 Be6 9. Be3 Nd7 10. Qe2 Qa5 11. Bc4 Bxc4 12. Qxc4 Nb6 13. Qb3 Bc5 14. Bd2 Qa6 15. O-O-O O-O 16. Kb1 Bd4 17. Bc1 Nc4 18. Ne2 Bxb2 19. Bxb2 Nxb2 20. Qxb2 Qxe2 21. Qxe5 Rae8 22. Qb2 Re6 23. Rhe1 Qf2 24. Rf1 Qh4 25. h3 c5 26. Qc3 Qg5 27. f4 Qe7 28. e5 f6 29. exf6 Rfxf6 30. f5 Rb6+ 31. Ka1 h6 32. g4 Kh7 33. Rfe1 Qf7 34. h4 Ra6 35. Qb2 Rfb6 36. g5 Rxb2 37. g6+ Kh8 38. Rd8+ Qg8 39. Rxg8+ Kxg8 40. Re8# 1-0


[Site "https://www.chess.com"]

[Event "Titled Tuesday Blitz May 11 2021"]
[White "Ambartsumova, Karina"]
[Black "Vogel, Roven"]
[WhiteFideId "4166299"]
[BlackFideId "12908088"]
[WhiteElo "2262"]
[BlackElo "2516"]
[Result "0-1"]
[Round "02"]
[TimeControl "180+1"]
[Date "2021.05.11"]
[WhiteClock "0:00:07"]
[BlackClock "0:00:27"]

1. d4 d5 2. Nf3 Nf6 3. c4 e6 4. Nc3 a6 5. cxd5 exd5 6. Bg5 Be6 7. e3 Nbd7 8. Bd3 Bd6 9. O-O O-O 10. Qc2 Qb8 11. Bh4 h6 12. a3 c6 13. Bg3 Bg4 14. Nd2 Re8 15. b4 b5 16. Rae1 Nb6 17. Bxd6 Qxd6 18. f3 Bd7 19. Nb3 Nc4 20. Qc1 a5 21. Nc5 axb4 22. axb4 Re7 23. Rf2 Rae8 24. Rfe2 Bc8 25. Nd1 h5 26. Qc2 g6 27. Qc3 Rd8 28. Nf2 h4 29. Nb3 h3 30. g3 Nh7 31. e4 Ng5 32. Bb1 Qf6 33. f4 Nxe4 34. Nxe4 dxe4 35. Bxe4 Rde8 36. Bf3 Rxe2 37. Rxe2 Rxe2 38. Bxe2 Be6 39. Kf2 Bd5 40. Nc5 Nd6 41. Bf3 Nf5 42. Bxd5 cxd5 43. Nb3 Nd6 44. Kg1 Qf5 45. Qe3 Qb1+ 46. Kf2 Ne4+ 47. Kf3 Qxb3 48. Qxb3 Nd2+ 49. Kg4 Nxb3 50. Kxh3 Nxd4 0-1


[Site "https://www.chess.com"]

[Event "Titled Tuesday Blitz May 11 2021"]
[White "Anton Guijarro, David"]
[Black "Espinosa Veloz, Ermes"]
[WhiteFideId "2285525"]
[BlackFideId "3507424"]
[WhiteElo "2629"]
[BlackElo "2333"]
[Result "1-0"]
[Round "02"]
[TimeControl "180+1"]
[Date "2021.05.11"]
[WhiteClock "0:01:17"]
[BlackClock "0:00:14"]

1. c4 e5 2. g3 Nf6 3. Bg2 c6 4. d4 e4 5. Bg5 d5 6. Bxf6 Qxf6 7. Nc3 Bb4 8. e3 h5 9. h3 h4 10. g4 Qg6 11. Ne2 f5 12. Nf4 Qg5 13. cxd5 fxg4 14. Qb3 Bxc3+ 15. bxc3 g3 16. O-O Na6 17. f3 exf3 18. Rxf3 cxd5 19. Nxd5 Be6 20. Rf4 Rd8 21. Re4 O-O 22. Rxe6 Rf2 23. Nf4 Kh8 24. Re5 Qf6 25. Rh5+ 1-0


[Site "https://www.chess.com"]

[Event "Titled Tuesday Blitz May 11 2021"]
[White "Atabayev, Saparmyrat"]
[Black "Demin, Vladimir"]
[WhiteFideId "14000571"]
[BlackFideId "4167457"]
[WhiteElo "2483"]
[BlackElo "2493"]
[Result "1-0"]
[Round "02"]
[TimeControl "180+1"]
[Date "2021.05.11"]
[WhiteClock "0:02:05"]
[BlackClock "0:00:13"]

1. e4 e5 2. Nf3 Nc6 3. Bb5 Bc5 4. c3 Nf6 5. d4 Bb6 6. dxe5 Nxe4 7. O-O O-O 8. Bd3 d5 9. exd6 Nxd6 10. Bg5 Qd7 11. Nbd2 h6 12. Bh4 Qg4 13. h3 Qh5 14. Bg3 Nf5 15. Bh2 Rd8 16. Qc2 Nd6 17. Rad1 Bf5 18. Bxf5 Qxf5 19. Qxf5 Nxf5 20. Nc4 Kf8 21. a4 f6 22. b4 a5 23. b5 Nce7 24. Rxd8+ Rxd8 25. Nxb6 cxb6 26. Bc7 Rc8 27. Bxb6 Rxc3 28. Ra1 Rc4 29. Bxa5 Nd5 30. Bd2 Rc5 31. g4 Nd6 32. Nd4 Nc4 33. Be1 Ke7 34. a5 Rxb5 35. Nxb5 1-0


[Site "https://www.chess.com"]

[Event "Titled Tuesday Blitz May 11 2021"]
[White "Baches Garcia, Guillermo"]
[Black "Mitrabha, Guha"]
[WhiteFideId "2209764"]
[BlackFideId "5057000"]
[WhiteElo "2435"]
[BlackElo "2334"]
[Result "1/2-1/2"]
[Round "02"]
[TimeControl "180+1"]
[Date "2021.05.11"]
[WhiteClock "0:00:12"]
[BlackClock "0:01:40"]

1. e4 c6 2. c4 g6 3. d4 Bg7 4. Nc3 d6 5. f4 e5 6. fxe5 dxe5 7. d5 Nf6 8. Nf3 O-O 9. Bd3 Bg4 10. O-O Nbd7 11. Be3 Nh5 12. h3 Bxf3 13. Qxf3 c5 14. g3 b6 15. Rf2 a6 16. Raf1 Qe7 17. Bc2 Ndf6 18. Ba4 Rad8 19. Kg2 Kh8 20. Bc6 Ng8 21. a3 Bh6 22. Na4 Rb8 23. b4 Bxe3 24. Qxe3 cxb4 25. Nxb6 bxa3 26. c5 Nhf6 27. d6 Qe6 28. Bd5 Nxd5 29. exd5 Qe8 30. d7 Qe7 31. d6 Qe6 32. c6 Qxd6 33. Rc1 Ne7 34. Rd2 Qc7 35. Nd5 Nxd5 36. Rxd5 f6 37. Qxa3 Kg8 38. Qd6 Rb2+ 39. Kh1 Qb6 40. d8=Q Rh2+ 41. Kxh2 Qf2+ 42. Kh1 Qf3+ 43. Kh2 Qf2+ 44. Kh1 Qf3+ 45. Kg1 Qxg3+ 46. Kh1 Qxh3+ 47. Kg1 Qe3+ 48. Kg2 Qe2+ 49. Kh1 Qf3+ 50. Kh2 Qf2+ 51. Kh1 Qf3+ 52. Kh2 Qh5+ 53. Kg2 Qg4+ 54. Kh2 Qe2+ 55. Kh1 Qf3+ 1/2-1/2


[Site "https://www.chess.com"]

[Event "Titled Tuesday Blitz May 11 2021"]
[White "Barp, Alberto"]
[Black "Dobrov, Vladimir"]
[WhiteFideId "872555"]
[BlackFideId "4136594"]
[WhiteElo "2229"]
[BlackElo "2614"]
[Result "1-0"]
[Round "02"]
[TimeControl "180+1"]
[Date "2021.05.11"]
[WhiteClock "0:00:20"]
[BlackClock "0:00:08"]

1. d4 Nf6 2. c4 c5 3. d5 b5 4. cxb5 a6 5. bxa6 g6 6. Nc3 Bxa6 7. e4 Bxf1 8. Kxf1 d6 9. Nf3 Nbd7 10. g3 Bg7 11. Kg2 O-O 12. a4 Qa5 13. Bd2 Qb4 14. Qc2 Rfb8 15. Rhb1 Qb3 16. Ne1 Ne5 17. Bc1 Nc4 18. Ra2 Nd7 19. Rba1 Ra5 20. Qe2 Bxc3 21. bxc3 Qxc3 22. Bg5 f6 23. Rc1 Qb3 24. Rxc4 fxg5 25. Rcc2 Qb7 26. Qg4 Nf6 27. Qe6+ Kf8 28. Nf3 Qd7 29. Nxg5 Qxe6 30. Nxe6+ Kf7 31. Rc4 Rb4 32. Rxb4 cxb4 33. f3 Nd7 34. Nd8+ Ke8 35. Nc6 b3 36. Rb2 Rxa4 37. Rxb3 Ra2+ 38. Kh3 Rf2 39. g4 g5 40. Kg3 Re2 41. Ra3 Re1 42. Ra8+ Kf7 43. Ra7 Ke8 44. Ra8+ Kf7 45. Nd8+ Kf6 46. Ne6 Ne5 47. Rf8+ Kg6 48. Rf5 h6 49. h4 gxh4+ 50. Kxh4 Rh1+ 51. Kg3 Rg1+ 52. Kf2 Ra1 53. Nf4+ Kg7 54. Nh5+ Kg6 55. Nf4+ Kg7 56. Kg3 Ra3 57. Ne6+ Kg6 58. g5 h5 59. Nf4+ Kh7 60. Nxh5 Rb3 61. Kf2 Rb2+ 62. Ke3 Rb3+ 63. Ke2 Rb2+ 64. Kf1 Rb3 65. Kg2 Rb2+ 66. Kh3 Rb3 67. Ng3 Nxf3 68. Kg4 Ne5+ 69. Kh4 Kg6 70. Nh5 Nf7 71. Nf4+ Kg7 72. Ne6+ Kg6 73. Nf4+ Kg7 74. Kg4 Ne5+ 75. Kh5 Rb4 76. Ne6+ Kh7 77. g6+ Nxg6 78. Rf7+ Kg8 79. Kxg6 Rb8 80. Rg7+ Kh8 81. Rxe7 Rg8+ 82. Kh6 Rf8 83. Rh7+ Kg8 84. Rg7+ Kh8 85. Rg6 Rf7 86. Kg5 Rf1 87. Rf6 Rg1+ 88. Kf5 Re1 89. Rh6+ Kg8 90. Rh4 Kf7 91. Rf4 Ke7 92. Nd4 Rg1 93. Nc6+ Kf7 94. e5 dxe5 95. Kxe5+ Ke8 96. Rf6 Kd7 97. Rf7+ Ke8 98. Re7+ Kf8 99. Kd6 Rg5 100. Re6 Kf7 101. Re5 Rg6+ 102. Kd7 Rg3 103. d6 Rd3 104. Nd8+ Kf6 105. Re6+ Kf5 106. Rh6 Kg5 107. Re6 Kf5 108. Ke7 Rh3 109. d7 Rh7+ 110. Nf7 1-0


[Site "https://www.chess.com"]

[Event "Titled Tuesday Blitz May 11 2021"]
[White "Bluebaum, Matthias"]
[Black "Arias, Juan Cruz"]
[WhiteFideId "24651516"]
[BlackFideId "118540"]
[WhiteElo "2685"]
[BlackElo "2083"]
[Result "1-0"]
[Round "02"]
[TimeControl "180+1"]
[Date "2021.05.11"]
[WhiteClock "0:01:12"]
[BlackClock "0:00:01"]

1. d4 e6 2. c4 Nf6 3. Nc3 d5 4. cxd5 exd5 5. Bg5 Be7 6. e3 c6 7. Bd3 Nbd7 8. h3 O-O 9. Bf4 Re8 10. Nf3 Nf8 11. Qc2 Ne6 12. Bh2 g6 13. g4 Ng7 14. O-O-O b5 15. Ne5 Qb6 16. Kb1 a5 17. Rc1 Bb7 18. g5 Nfh5 19. h4 a4 20. Ne2 Rec8 21. Nd7 Qd8 22. Nc5 Ra7 23. Qd2 Bd6 24. Bxd6 Qxd6 25. a3 Rb8 26. Qb4 Bc8 27. Na6 Qxb4 28. Nxb4 Bd7 29. Nxc6 Bxc6 30. Rxc6 b4 31. axb4 a3 32. b5 Ne6 33. Rhc1 Raa8 34. bxa3 Nhg7 35. Kb2 Nd8 36. R6c5 Nge6 37. Rxd5 Nb7 38. f4 Na5 39. f5 gxf5 40. Bxf5 Ng7 41. Bd3 Re8 42. e4 Nb7 43. Rc7 Na5 44. Rdd7 Rf8 45. d5 Ne8 46. Rc3 Ng7 47. Nd4 Rab8 48. Nc6 Ra8 49. Nxa5 Rxa5 50. Kb3 Rfa8 51. Kb2 Ne8 52. h5 h6 53. gxh6 Kh7 54. e5+ Kxh6 55. Rxf7 Kxh5 56. d6 Rd8 57. d7 1-0


[Site "https://www.chess.com"]

[Event "Titled Tuesday Blitz May 11 2021"]
[White "Borsuk, Konstantin"]
[Black "Atanasov, Anthony"]
[WhiteFideId "14113406"]
[BlackFideId "2623897"]
[WhiteElo "2363"]
[BlackElo "1889"]
[Result "1-0"]
[Round "02"]
[TimeControl "180+1"]
[Date "2021.05.11"]
[WhiteClock "0:02:17"]
[BlackClock "0:00:07"]

1. d4 Nf6 2. c4 g6 3. Nc3 Bg7 4. e4 d6 5. f3 O-O 6. Be3 e5 7. d5 a5 8. Bd3 Nbd7 9. Nge2 Nh5 10. Qd2 f5 11. exf5 gxf5 12. O-O-O Nc5 13. Bc2 Nf6 14. h3 Bd7 15. g4 e4 16. gxf5 exf3 17. Nd4 Qe8 18. Ne6 Bxe6 19. dxe6 Qc6 20. Rhg1 Rae8 21. Rxg7+ Kxg7 22. Bh6+ Kh8 23. Qg5 Nxe6 24. fxe6 Nh5 25. Bxf8 Rxf8 26. e7 Rg8 27. Qxh5 Qe8 28. Qxe8 Rxe8 29. Rf1 c6 30. Rxf3 Rxe7 31. Ne4 d5 32. cxd5 cxd5 33. Nf6 Re1+ 34. Kd2 Rh1 35. Nxd5 h5 36. a4 b6 37. Nxb6 h4 38. Nc4 Rh2+ 39. Kc3 Kg7 40. Nxa5 Kh6 41. Nc4 Rg2 42. a5 Rg1 43. a6 Ra1 44. Na3 Re1 45. a7 Re8 46. Be4 Rc8+ 47. Nc4 Rd8 48. a8=Q Rxa8 49. Bxa8 Kg5 50. b4 Kh6 51. b5 Kg5 52. b6 Kh6 53. b7 Kg5 54. b8=Q Kh6 55. Qh8+ Kg5 56. Qg7+ Kh5 57. Rf5# 1-0


[Site "https://www.chess.com"]

[Event "Titled Tuesday Blitz May 11 2021"]
[White "Budrewicz, Krzysztof"]
[Black "Nguyen, Ngoc Truong Son"]
[WhiteFideId "1127950"]
[BlackFideId "12401110"]
[WhiteElo "2276"]
[BlackElo "2596"]
[Result "1/2-1/2"]
[Round "02"]
[TimeControl "180+1"]
[Date "2021.05.11"]
[WhiteClock "0:00:09"]
[BlackClock "0:00:07"]

1. d4 Nf6 2. c4 c5 3. d5 e6 4. Nc3 exd5 5. cxd5 d6 6. Nf3 g6 7. Bf4 a6 8. a4 Bg7 9. e3 O-O 10. Nd2 Nh5 11. Bg3 Nxg3 12. hxg3 Nd7 13. Be2 Rb8 14. O-O Re8 15. a5 h5 16. Nc4 Ne5 17. Nb6 Bg4 18. Ra4 Bxe2 19. Qxe2 f5 20. Rd1 Re7 21. Nc4 Nxc4 22. Qxc4 Qd7 23. Ra3 Rbe8 24. Na4 Re4 25. Qc2 Rb4 26. b3 h4 27. Nb6 Qe7 28. gxh4 Rxh4 29. Ra4 Rh5 30. g3 Be5 31. Qe2 Kg7 32. Qf3 Reh8 33. Nc4 Bf6 34. Ra2 Rh2 35. Rad2 Be5 36. Kf1 Qf6 37. Ke2 R8h3 38. Rg1 g5 39. Kd1 g4 40. Qe2 Bxg3 41. Qf1 Qa1+ 42. Kc2 Qxf1 43. Rxf1 Be5 44. Nxe5 dxe5 45. d6 Rh8 46. Kd3 Kf6 47. Kc4 Ke6 48. Kxc5 g3 49. Kb6 R8h7 50. d7 Rxd7 51. Rxd7 Kxd7 52. fxg3 Rb2 53. Kxb7 Rxb3+ 54. Kxa6 Ke6 55. Re1 e4 56. Ka7 Kf6 57. a6 Kg5 58. Ka8 Kg4 59. a7 Kxg3 60. Rf1 Rxe3 61. Rxf5 Rb3 62. Rf7 e3 63. Re7 Kf2 64. Rxe3 Kxe3 1/2-1/2


[Site "https://www.chess.com"]

[Event "Titled Tuesday Blitz May 11 2021"]
[White "Cremisi, Daniel"]
[Black "Goltsev, Dmitry"]
[WhiteFideId "2089882"]
[BlackFideId "24176710"]
[WhiteElo "2172"]
[BlackElo "2366"]
[Result "0-1"]
[Round "02"]
[TimeControl "180+1"]
[Date "2021.05.11"]
[WhiteClock "0:00:07"]
[BlackClock "0:00:15"]

1. Nf3 d5 2. c4 Nf6 3. cxd5 Nxd5 4. Nc3 e6 5. Nxd5 exd5 6. d4 c6 7. Bf4 Bg4 8. e3 Bb4+ 9. Ke2 Qa5 10. a3 Be7 11. h3 Bf5 12. Qd2 Qa4 13. Ne5 f6 14. Nd3 Nd7 15. g4 Be4 16. f3 Bg6 17. Bg2 Nb6 18. Qc3 Qb5 19. b3 a5 20. a4 Qa6 21. Rhd1 O-O 22. Kf2 Rfe8 23. Nc5 Qa7 24. h4 h6 25. Bf1 f5 26. h5 Bh7 27. Bd3 fxg4 28. Bxh7+ Kxh7 29. Qd3+ Kh8 30. fxg4 Rf8 31. Kg3 Bxc5 32. dxc5 Nd7 33. Bd6 Rfe8 34. Rac1 Re4 35. Rf1 Rae8 36. Rf3 Nf6 37. g5 Rg4+ 38. Kf2 Rxg5 39. Qd4 Re4 40. Qb2 Ng4+ 41. Ke2 d4 42. Rf8+ Kh7 43. Qc2 Qa6+ 44. Ke1 d3 45. Qg2 Rxe3+ 46. Kd1 Re2 47. Qf3 Ne3+ 48. Qxe3 Rxe3 49. Rc4 Re2 0-1


[Site "https://www.chess.com"]

[Event "Titled Tuesday Blitz May 11 2021"]
[White "Czopor, Maciej"]
[Black "Tsydypov, Zhamsaran"]
[WhiteFideId "21805431"]
[BlackFideId "4108566"]
[WhiteElo "1939"]
[BlackElo "2645"]
[Result "0-1"]
[Round "02"]
[TimeControl "180+1"]
[Date "2021.05.11"]
[WhiteClock "0:00:01"]
[BlackClock "0:01:25"]

1. e4 c5 2. Nf3 Nc6 3. d4 cxd4 4. Nxd4 e5 5. Nb5 d6 6. N1c3 a6 7. Na3 Be6 8. Nc4 b5 9. Ne3 Nf6 10. Bd3 Be7 11. O-O O-O 12. a4 bxa4 13. Rxa4 a5 14. Ncd5 Nd7 15. Bb5 Nd4 16. Bxd7 Bxd7 17. Ra3 Bb5 18. c4 Bc6 19. Nf5 Bxd5 20. Nxe7+ Qxe7 21. cxd5 Qb7 22. Qg4 f5 23. exf5 Qxd5 24. Rd1 Qf7 25. f4 Nxf5 26. fxe5 dxe5 27. Rf3 Qe6 28. Qe4 Rac8 29. Rdf1 g6 30. g4 Nd4 31. Rxf8+ Rxf8 32. Rxf8+ Kxf8 33. Bh6+ Ke7 34. Qb7+ Qd7 35. Bg5+ Ke8 36. Qb8+ Kf7 37. Qxe5 Nf3+ 0-1


[Site "https://www.chess.com"]

[Event "Titled Tuesday Blitz May 11 2021"]
[White "Danielian, Vardan"]
[Black "Lobanov, Sergei"]
[WhiteFideId "13301594"]
[BlackFideId "24183750"]
[WhiteElo "2530"]
[BlackElo "2392"]
[Result "0-1"]
[Round "02"]
[TimeControl "180+1"]
[Date "2021.05.11"]
[WhiteClock "0:00:24"]
[BlackClock "0:00:09"]

1. Nf3 d5 2. g3 Nd7 3. Bg2 e5 4. O-O Ngf6 5. c4 dxc4 6. Na3 e4 7. Ng5 Nc5 8. Nxc4 h6 9. Nh3 Be6 10. b3 g5 11. d4 exd3 12. exd3 Qxd3 13. Bb2 Qxd1 14. Raxd1 Be7 15. f4 g4 16. Nf2 O-O 17. Nd3 Nxd3 18. Rxd3 c6 19. Rfd1 Rfd8 20. Na5 Rxd3 21. Rxd3 Nd5 22. Nxb7 a5 23. Bd4 a4 24. Nc5 Bf5 25. Re3 axb3 26. Bxd5 Bxc5 27. Bxc5 b2 28. Re1 cxd5 29. Bd4 b1=Q 30. Rxb1 Bxb1 31. Kf2 Rxa2+ 32. Ke3 Be4 0-1


[Site "https://www.chess.com"]

[Event "Titled Tuesday Blitz May 11 2021"]
[White "Dardha, Daniel"]
[Black "Crevatin, Leo"]
[WhiteFideId "240990"]
[BlackFideId "1726307"]
[WhiteElo "2489"]
[BlackElo "2081"]
[Result "1-0"]
[Round "02"]
[TimeControl "180+1"]
[Date "2021.05.11"]
[WhiteClock "0:00:21"]
[BlackClock "0:00:05"]

1. d4 d5 2. Bf4 c5 3. e3 Nc6 4. c3 Nf6 5. Nd2 e6 6. Ngf3 Nh5 7. Bg5 Qb6 8. Qb3 h6 9. Bh4 g5 10. Bg3 Nxg3 11. hxg3 Bg7 12. Be2 Bd7 13. Qc2 O-O-O 14. a3 e5 15. dxc5 Qxc5 16. b4 Qb6 17. Nb3 Kb8 18. Rd1 Bg4 19. a4 d4 20. a5 Qc7 21. cxd4 Bxf3 22. Bxf3 exd4 23. Bxc6 dxe3 24. Rxd8+ Rxd8 25. Be4 exf2+ 26. Kxf2 Qe5 27. Re1 Re8 28. Re2 Qf6+ 29. Kg1 Bf8 30. Bf3 Rc8 31. Qe4 Qa6 32. Kh2 b6 33. Qa8+ Kc7 34. Rc2+ Bc5 35. Nxc5 Rxa8 36. Nxa6+ 1-0


[Site "https://www.chess.com"]